 Dungeon Crawl Stone Soup version 0.19.1-1-g22dce08 (webtiles) character file.

718 Lahna the Spear-Bearer (level 7, 0/82 HPs)
             Began as a Merfolk Berserker on Jan 15, 2017.
             Was a Priest of Trog.
             Succumbed to fatfloppyjuicyveiny's ghost's poison
             ... on level 5 of the Dungeon.
             The game lasted 00:05:57 (3397 turns).

Lahna the Spear-Bearer (Merfolk Berserker)          Turns: 3397, Time: 00:05:57

Health: 0/82       AC:  5    Str: 23    XL:     7   Next: 70%
Magic:  7/7        EV: 14    Int:  6    God:    Trog [***...]
Gold:   229        SH:  0    Dex: 15    Spells: 0 memorised, 6 levels left

rFire  . . .     SeeInvis .     a - +1 spear
rCold  . . .     Gourm    .     h - +0 leather armour
rNeg   . . .     Faith    .     (no shield)
rPois  .         Spirit   .     r - +1 hat
rElec  .         Reflect  .     s - +0 cloak
rCorr  .         Harm     .     (no gloves)
MR     +....                    (no boots)
Stlth  ..........               (no amulet)
                                (no ring)
                                q - ring of protection from magic

@: berserking, lethally poisoned (0 -> -9), very quick
A: change form in water, swift swim, stealthy swim
a: Berserk, Trog's Hand, Burn Spellbooks, Renounce Religion


You were on level 5 of the Dungeon.
You worshipped Trog.
Trog was most pleased with you.
You were near starving.

You visited 1 branch of the dungeon, and saw 5 of its levels.

You collected 229 gold pieces.

Inventory:

Hand Weapons
 a - a +1 spear (weapon)
Armour
 h - a +0 leather armour (worn)
 r - a +1 hat (worn)
 s - a +0 cloak (worn)
Jewellery
 q - a ring of protection from magic (left hand)
Wands
 o - a wand of polymorph (6/24)
Scrolls
 b - 4 scrolls of remove curse
 d - 2 scrolls of teleportation {unknown}
 e - 2 scrolls of enchant weapon
 f - 3 scrolls of identify
 m - a scroll of noise {unknown}
 n - a scroll of recharging {unknown}
 p - a scroll of fog {unknown}
 t - a scroll of immolation {unknown}
 x - a scroll of amnesia {unknown}
 y - a scroll of random uselessness {unknown}
Potions
 g - a potion of resistance {unknown}
 i - a potion of brilliance {unknown}
 j - 4 potions of curing
 l - 2 potions of magic {unknown}
 u - a potion of ambrosia {unknown}
 w - 2 potions of agility {unknown}
Comestibles
 c - 3 bread rations
 k - 2 fruits
 v - a beef jerky
 z - a meat ration


   Skills:
 + Level 4.5 Fighting
 + Level 10.4 Polearms
 + Level 2.3 Armour
 + Level 4.4 Dodging


You had 6 spell levels left.
You didn't know any spells.

Dungeon Overview and Level Annotations

Branches:
Dungeon (5/15)
 Temple: D:4-7

Altars:
Fedhas
Makhleb
Uskayaw


Message History

You are too berserk!
You are too berserk!
You closely miss fatfloppyjuicyveiny's ghost.
Fatfloppyjuicyveiny's ghost is severely damaged.
* * * LOW HITPOINT WARNING * * *
You feel sick. The jelly hits you but does no damage.
Fatfloppyjuicyveiny's ghost hits you.
* * * LOW HITPOINT WARNING * * *
You hit fatfloppyjuicyveiny's ghost.
Fatfloppyjuicyveiny's ghost is severely damaged.
You puncture fatfloppyjuicyveiny's ghost!
You destroy fatfloppyjuicyveiny's ghost!
Trog accepts your kill.
Your Polearms skill increases to level 10!
Your Dodging skill increases to level 4!
The jelly misses you.
You puncture the jelly!
Your hands burn!
* * * LOW HITPOINT WARNING * * *
The jelly is almost dead.
You die...

#.# ... ..# # #.# #.# ..
##+##.# #.# #..#...#.#
#.# #........# ### #.#
#.....J..## ##.###.#
#......@..####...##.####
+.........'..........<..
#.........####...##.####
.........## ##.###.#
###.....## ### #.#
##...## #.# ....# #.#
###. ..# # #.#


You could see a jelly.

Vanquished Creatures
  The ghost of fatfloppyjuicyveiny the Covert, a novice OpAs (D:5)
  A scorpion (D:4)
  A howler monkey (D:4)
  4 orc wizards (D:4)
  A centaur skeleton (D:4)
  Terence (D:2)
  Natasha (thrice) (D:2)
  A worker ant (D:4)
  A hound skeleton (D:4)
  4 adders
  2 adder skeletons (D:4)
  2 worms (D:2)
  A leopard gecko (D:3)
  7 orcs (D:4)
  A ball python (D:2)
  8 bats
  2 giant cockroaches (D:1)
  4 goblins
  8 hobgoblins
  A quokka (D:3)
  A ball python skeleton (D:4)
  2 frilled lizards
  7 rats
64 creatures vanquished.

Notes
Turn   | Place    | Note
-------+----------+-------------------------------------------
     0 | D:1      | Lahna the Merfolk Berserker began the quest for the Orb.
     0 | D:1      | Reached XP level 1. HP: 18/18 MP: 1/1
   266 | D:1      | Reached skill level 5 in Polearms
   403 | D:1      | Reached XP level 2. HP: 22/24 MP: 2/2
   998 | D:1      | Reached XP level 3. HP: 29/29 MP: 3/3
  1094 | D:2      | Noticed Terence
  1102 | D:2      | Killed Terence
  1102 | D:2      | Reached skill level 6 in Polearms
  1159 | D:2      | Reached XP level 4. HP: 35/35 MP: 4/4
  1169 | D:2      | Reached skill level 7 in Polearms
  1200 | D:2      | Noticed Natasha
  1211 | D:2      | Killed Natasha
  1219 | D:2      | Reached ** piety under Trog
  1402 | D:2      | Found a blossoming altar of Fedhas.
  1408 | D:2      | Noticed Natasha
  1415 | D:2      | Killed Natasha
  1415 | D:2      | Reached skill level 8 in Polearms
  1415 | D:2      | Reached XP level 5. HP: 41/41 MP: 5/5
  1478 | D:2      | Noticed Natasha
  1486 | D:2      | Killed Natasha
  1705 | D:2      | Found a burning altar of Makhleb.
  2417 | D:3      | Noticed a hand axe
  2417 | D:3      | Noticed a dagger
  2418 | D:3      | Found a hide-covered altar of Uskayaw.
  2502 | D:4      | Reached XP level 6. HP: 13/47 MP: 6/6
  2698 | D:4      | Reached skill level 9 in Polearms
  3061 | D:4      | Reached *** piety under Trog
  3144 | D:4      | Reached XP level 7. HP: 37/54 MP: 7/7
  3348 | D:5      | Entered Level 5 of the Dungeon
  3361 | D:5      | Noticed fatfloppyjuicyveiny's ghost (novice OpAs)
  3391 | D:5      | HP: 2/54 [poisoned by fatfloppyjuicyveiny's ghost]
  3396 | D:5      | Killed fatfloppyjuicyveiny's ghost
  3396 | D:5      | Reached skill level 10 in Polearms
  3397 | D:5      | HP: 1/82 [acid (1)]
  3397 | D:5      | Succumbed to fatfloppyjuicyveiny's ghost's poison

Skill      XL: |  1  2  3  4  5  6  7 |
---------------+----------------------+-----
Polearms       | 5 6 8 9 10 | 10.4
Dodging        | 3 4 |  4.4
Fighting       | 4 |  4.5
Armour         | 2 |  2.3

Action                   |  1- 3 |  4- 6 |  7- 9 || total
-------------------------+-------+-------+-------++-------
Melee: Spear             |    79 |   226 |    37 ||   342
       Unarmed           |       |     7 |       ||     7
Invok: Berserk           |     1 |       |     1 ||     2
  Use: Scroll            |       |     3 |       ||     3
       Potion            |       |       |     1 ||     1
 Stab: Sleeping          |       |     2 |       ||     2
  Eat: Chunk             |     2 |     6 |       ||     8
Armor: Leather armour    |    10 |    31 |     7 ||    48
       Skin              |       |     1 |       ||     1
Dodge: Dodged            |    30 |    86 |    23 ||   139
